 Dungeon Crawl Stone Soup version 0.25.1-1-g288607f5aa (webtiles) character file.

Game seed: 8493505257751026125

2472 R0ach20 the Cruncher (level 9, -6/57 HPs)
             Began as a Human Chaos Knight on July 19, 2020.
             Was a Plaything of Xom.
             Mangled by Harold
             ... wielding a +0 halberd
              (8 damage)
             ... on level 7 of the Dungeon.
             The game lasted 00:33:17 (5253 turns).

R0ach20 the Cruncher (Human Chaos Knight)           Turns: 5253, Time: 00:33:19

Health: -6/57      AC: 18    Str: 15    XL:     9   Next: 80%
Magic:  9/9        EV:  7    Int: 13    God:    Xom [....*.]
Gold:   943        SH:  0    Dex: 15    Spells: 8/8 levels left

rFire    . . .     SeeInvis +   k - +4 quarterstaff (chaos)
rCold    . . .     Gourm    .   (shield currently unavailable)
rNeg     + . .     Faith    .   G - +0 chain mail
rPois    +         Spirit   .   (helmet restricted)
rElec    .         Reflect  .   J - +0 cloak
rCorr    .         Harm     .   n - +0 pair of gloves
MR       +....                  (no boots)
Stlth    ..........             d - amulet of regeneration
HPRegen  0.59/turn              g - +4 ring of protection
MPRegen  0.11/turn              N - ring of positive energy (curse)

@: no status effects
A: horns 2, see invisible, agile 1, frail 1, magic resistance 1, poison
resistance, shaggy fur 1, wild magic 1, MP-powered wands
a: Renounce Religion


You were on level 7 of the Dungeon.
You worshipped Xom.
You were a beloved toy of Xom.
You were not hungry.

You visited 1 branch of the dungeon, and saw 7 of its levels.

You collected 943 gold pieces.

Inventory:

Hand Weapons
 a - a +1 hand axe of chaos {chaotic}
 k - a +4 quarterstaff of chaos (weapon)
Missiles
 b - 5 boomerangs
 u - 79 sling bullets
 B - 4 atropa-tipped darts (quivered)
Armour
 n - a +0 pair of gloves (worn)
 G - a +0 chain mail (worn)
 J - a +0 cloak (worn)
Jewellery
 d - an amulet of regeneration (around neck)
 g - a +4 ring of protection (left hand)
 t - a +4 ring of protection
 x - an uncursed ring of protection from magic
 A - an uncursed ring of resist corrosion
 F - an uncursed ring of protection from cold
 I - an uncursed amulet of the acrobat
 N - a cursed ring of positive energy (right hand)
Wands
 L - a wand of flame (17)
Scrolls
 j - 3 scrolls of remove curse
 l - a scroll of noise
 o - 4 scrolls of teleportation
 p - 2 scrolls of blinking
 r - 2 scrolls of magic mapping
 v - a scroll of enchant armour
 y - a scroll of amnesia
 H - a scroll of random uselessness {unknown}
 M - a scroll of fog {unknown}
Potions
 f - 2 potions of degeneration
 h - a potion of curing
 i - a potion of stabbing
 m - a potion of might {unknown}
 q - 2 potions of brilliance
 s - a potion of invisibility {unknown}
 z - 3 potions of berserk rage
 C - a potion of flight {unknown}
 E - a potion of lignification {unknown}
Comestibles
 c - 8 rations
 w - 4 chunks of flesh


   Skills:
 - Level 3.4 Fighting
 - Level 3.7(4.1) Axes
   Level 2.4(7.0) Maces & Flails
 + Level 9.6(9.7) Staves
 * Level 6.9 Armour
 + Level 2.0 Dodging


You had 8 spell levels left.
You didn't know any spells.
Your spell library was empty.

Dungeon Overview and Level Annotations

Branches:
Dungeon (7/15)
 Temple: D:4-7

Altars:
Ashenzari
Dithmenos
Elyvilon
Fedhas
Hepliaklqana
Okawaru
Sif Muna
Xom
Zin
The Shining One

Shops:
D:6 =

Annotations:
D:7 Harold, Maggie


Innate Abilities, Weirdness & Mutations

You have a pair of horns on your head.
You have supernaturally acute eyesight. (SInv)
You are agile. (Dex +2)
You are frail. (-10% HP)
You are resistant to hostile enchantments. (MR+)
Your system is resistant to poisons. (rPois)
You are covered in fur. (AC +1)
Your spells are a little harder to cast, but a little more powerful.
You expend magic power (3 MP) to strengthen your wands.


Message History

Your headbutt misses Maggie. Harold hits you with a +0 halberd!
* * * LOW HITPOINT WARNING * * *
There are monsters nearby!
As you read the scroll of immolation, it crumbles to dust.
The creatures around you are filled with an inner flame!
Maggie hits you with a +0 glaive of flaming.
* * * LOW HITPOINT WARNING * * *
Maggie burns you.
* * * LOW HITPOINT WARNING * * *
You sock Harold!
Flame seeps out of Harold. x2; You headbutt Harold.
Harold is lightly wounded.
Harold is engulfed in blazing flames.
Flame seeps out of Harold.
Harold hits you but does no damage. Maggie barely misses you.
You hit Harold but do no damage.
Harold is moving more slowly.
You headbutt Harold, but do no damage.
Harold is moderately wounded.
Harold is engulfed in blazing flames.
Flame seeps out of Harold.
Harold hits you with a +0 halberd!
You die...
Xom is highly amused!

####. ....... ##.#...........#
##................
#.................#
..<..#...........
####..#........... ####
##................## #...
#.......@@.........# ..
.....##.......@..#......#..#
#....#.....>..#...###...#.##..
#............##.....#.........
.............##.##............
#..........#####...........
#.....###Y.### ##..........
#...##..## ^....#...........
##. #...# ................#
### ###.#.###........รท......#


You could see Harold (inner flame, petrifying) and Maggie (inner flame).

Vanquished Creatures
  Prince Ribbit (D:6)
  A human (shapeshifter) (D:5)
  An orc warrior (D:5)
  An ice beast (D:7)
  A black bear (D:5)
  2 sky beasts (D:6)
  2 ogres (D:5)
  A bullfrog (D:7)
  A scorpion (D:6)
  A water moccasin skeleton (D:6)
  3 killer bees (D:5)
  A crimson imp (D:5)
  A jelly (D:4)
  3 orc priests
  3 hounds
  4 orc wizards
  Crazy Yiuf (D:3)
  A centaur skeleton (D:7)
  An iguana (D:5)
  3 worker ants
  A hound zombie (D:5)
  2 gnolls (D:6)
  3 adders
  A shadow imp (D:6)
  3 oozes
  2 worms
  A dart slug (D:2)
  5 leopard geckos
  12 orcs
  3 giant cockroaches
  4 goblins
  4 hobgoblins
  5 jackals
  5 kobolds
  2 quokkas
  A ball python (D:7)
  4 bats
  2 frilled lizards (D:3)
  A leopard gecko skeleton (D:4)
  4 rats
  2 plants (D:2)
100 creatures vanquished.

Vanquished Creatures (collateral kills)
  An orc priest (D:4)
  An orc wizard (D:4)
2 creatures vanquished.

Vanquished Creatures (others)
  An anaconda (shapeshifter) (D:4)
  A gnoll (D:6)
  2 orcs (D:6)
  A rat (D:6)
5 creatures vanquished.

Grand Total: 107 creatures vanquished

Notes
Turn   | Place    | Note
-------+----------+-------------------------------------------
     0 | D:1      | R0ach20 the Human Chaos Knight began the quest for the Orb.
     0 | D:1      | Reached XP level 1. HP: 18/18 MP: 1/1
    83 | D:1      | Reached XP level 2. HP: 24/24 MP: 2/2
   179 | D:1      | XOM: silly message
   265 | D:1      | XOM: silly message
   553 | D:1      | XOM: silly message
   593 | D:1      | XOM: give mutations
   593 | D:1      | Gained mutation: You have sharp fingernails. [Xom's grace]
   593 | D:1      | Gained mutation: You are agile. (Dex +2) [Xom's grace]
   807 | D:2      | Found a glowing golden altar of the Shining One.
   807 | D:2      | Found a white marble altar of Elyvilon.
   807 | D:2      | Found a glowing silver altar of Zin.
   838 | D:2      | Reached XP level 3. HP: 29/29 MP: 3/3
   838 | D:2      | XOM: enchant monster (bad)
   954 | D:2      | XOM: give mutations
   954 | D:2      | Gained mutation: Your mind is acute. (Int +2) [Xom's grace]
   954 | D:2      | Gained mutation: You are robust. (+10% HP) [Xom's grace]
  1188 | D:2      | XOM: give mutation
  1188 | D:2      | Gained mutation: You expend magic power (3 MP) to
                  | strengthen your wands. [Xom's grace]
  1580 | D:3      | Reached XP level 4. HP: 38/38 MP: 4/4
  1660 | D:3      | Found a shimmering altar of Xom.
  1708 | D:3      | XOM: summons friendly iron imp
  1832 | D:3      | XOM: god gift: 4 atropa-tipped darts
  1880 | D:3      | XOM: butterfly on damage
  1881 | D:3      | XOM: fog
  1890 | D:3      | Lost mutation: You are agile. (Dex +2) [potion of mutation]
  1890 | D:3      | Lost mutation: You expend magic power (3 MP) to strengthen
                  | your wands. [potion of mutation]
  1890 | D:3      | Gained mutation: You are covered in fur. (AC +1) [potion of
                  | mutation]
  1890 | D:3      | Gained mutation: You possess an exceptional clarity of
                  | mind. [potion of mutation]
  1896 | D:3      | Reached skill level 1 in Maces & Flails
  1919 | D:3      | Lost mutation: You are robust. (+10% HP) [potion of
                  | mutation]
  1919 | D:3      | Lost mutation: Your mind is acute. (Int +2) [potion of
                  | mutation]
  1919 | D:3      | Lost mutation: You possess an exceptional clarity of mind.
                  | [potion of mutation]
  1919 | D:3      | Lost mutation: You have sharp fingernails. [potion of
                  | mutation]
  1919 | D:3      | Gained mutation: You have a pair of small horns on your
                  | head. [potion of mutation]
  1919 | D:3      | Gained mutation: Your spells are a little harder to cast,
                  | but a little more powerful. [potion of mutation]
  1919 | D:3      | Gained mutation: You are resistant to hostile enchantments.
                  | (MR+) [potion of mutation]
  2102 | D:3      | Found a shattered altar of Ashenzari.
  2128 | D:3      | Reached XP level 5. HP: 41/41 MP: 5/5
  2206 | D:3      | Found a runed translucent door.
  2207 | D:3      | Noticed Crazy Yiuf
  2211 | D:3      | Killed Crazy Yiuf
  2336 | D:3      | XOM: 7-stop teleportation journey
  2515 | D:3      | XOM: scenery: create altars
  2696 | D:3      | Found a shimmering blue altar of Sif Muna.
  2733 | D:3      | XOM: god gift: 4 rations
  2794 | D:4      | XOM: summons friendly rust devil
  2805 | D:4      | Reached skill level 1 in Staves
  2805 | D:4      | Reached XP level 6. HP: 42/47 MP: 6/6
  2806 | D:4      | XOM: butterfly on damage
  2822 | D:4      | XOM: give mutations
  2822 | D:4      | Gained mutation: You are agile. (Dex +2) [Xom's grace]
  2822 | D:4      | Gained mutation: You have supernaturally acute eyesight.
                  | (SInv) [Xom's grace]
  2878 | D:4      | Reached skill level 2 in Staves
  2932 | D:4      | Found a hazy altar of Hepliaklqana.
  3138 | D:4      | Found an iron altar of Okawaru.
  3158 | D:4      | XOM: god gift: 650 gold pieces
  3210 | D:4      | Noticed an ogre
  3211 | D:4      | Noticed a glowing shapeshifter
  3211 | D:4      | an ogre changed into a glowing shapeshifter
  3211 | D:4      | XOM: polymorph ogre -> glowing shapeshifter
  3211 | D:4      | Noticed a floating eye
  3211 | D:4      | a glowing shapeshifter changed into a floating eye
  3215 | D:4      | Noticed a shining eye
  3215 | D:4      | a floating eye changed into a shining eye
  3218 | D:4      | Noticed an eye of devastation
  3218 | D:4      | a shining eye changed into an eye of devastation
  3220 | D:4      | Noticed a glowing orange brain
  3220 | D:4      | an eye of devastation changed into a glowing orange brain
  3225 | D:4      | Noticed a floating eye
  3225 | D:4      | a glowing orange brain changed into a floating eye
  3225 | D:4      | Noticed a torpor snail
  3225 | D:4      | a floating eye changed into a torpor snail
  3230 | D:4      | Noticed a floating eye
  3230 | D:4      | a torpor snail changed into a floating eye
  3231 | D:4      | Noticed a torpor snail
  3231 | D:4      | a floating eye changed into a torpor snail
  3233 | D:4      | Noticed a mana viper
  3233 | D:4      | a torpor snail changed into a mana viper
  3234 | D:4      | XOM: enchant monster (good)
  3234 | D:4      | Noticed a glowing orange brain
  3234 | D:4      | a mana viper changed into a glowing orange brain
  3235 | D:4      | XOM: scenery: create altars
  3236 | D:4      | Noticed a moth of wrath
  3236 | D:4      | a glowing orange brain changed into a moth of wrath
  3236 | D:4      | Noticed a death drake
  3236 | D:4      | a moth of wrath changed into a death drake
  3243 | D:4      | XOM: confuse monster(s)
  3247 | D:4      | XOM: cast spell 'Disjunction'
  3250 | D:4      | XOM: destruction
  3268 | D:4      | Noticed a shining eye
  3269 | D:4      | Noticed a faun
  3269 | D:4      | a shining eye changed into a faun
  3272 | D:4      | Noticed a shining eye
  3272 | D:4      | a faun changed into a shining eye
  3274 | D:4      | XOM: cast spell 'Shadow Creatures'
  3276 | D:4      | XOM: potion effect (invisibility)
  3277 | D:4      | Noticed a wolf spider
  3277 | D:4      | a shining eye changed into a wolf spider
  3280 | D:4      | Noticed a tyrant leech
  3280 | D:4      | a wolf spider changed into a tyrant leech
  3281 | D:4      | Noticed an anaconda
  3281 | D:4      | a tyrant leech changed into an anaconda
  3282 | D:4      | Banished an anaconda
  3282 | D:4      | Reached skill level 5 in Staves
  3282 | D:4      | Reached skill level 5 in Armour
  3282 | D:4      | Reached XP level 7. HP: 52/52 MP: 7/7
  3282 | D:4      | Reached XP level 8. HP: 58/58 MP: 8/8
  3346 | D:4      | XOM: silly message
  3353 | D:4      | XOM: silly message
  3385 | D:4      | XOM: give mutations
  3385 | D:4      | Gained mutation: You have a pair of horns on your head.
                  | [Xom's grace]
  3385 | D:4      | Gained mutation: You expend magic power (3 MP) to
                  | strengthen your wands. [Xom's grace]
  3445 | D:4      | XOM: polymorph worker ant -> jelly
  3512 | D:4      | XOM: give mutations
  3512 | D:4      | Gained mutation: Your system is resistant to poisons.
                  | (rPois) [Xom's mischief]
  3512 | D:4      | Gained mutation: You are frail. (-10% HP) [Xom's mischief]
  3781 | D:5      | Entered Level 5 of the Dungeon
  3789 | D:5      | Noticed a shapeshifter
  3789 | D:5      | a killer bee changed into a shapeshifter
  3789 | D:5      | XOM: polymorph killer bee -> shapeshifter
  3789 | D:5      | Noticed a human
  3789 | D:5      | a shapeshifter changed into a human
  3790 | D:5      | XOM: fog
  3793 | D:5      | Killed a human
  3793 | D:5      | Reached skill level 6 in Staves
  3826 | D:5      | Reached skill level 7 in Staves
  3884 | D:5      | Reached XP level 9. HP: 54/57 MP: 9/9
  3891 | D:5      | XOM: divination: magic mapping
  4013 | D:5      | XOM: torment (30/57 hp)
  4166 | D:5      | Reached skill level 8 in Staves
  4611 | D:5      | XOM: god gift: 17 arrows
  4672 | D:6      | Noticed Prince Ribbit
  4677 | D:6      | XOM: cleaving
  4679 | D:6      | XOM: 2-stop teleportation journey
  4686 | D:6      | Found Bigufil's Jewellery Boutique.
  4722 | D:6      | Found a blossoming altar of Fedhas.
  4735 | D:6      | XOM: destruction
  4825 | D:6      | Killed Prince Ribbit
  4825 | D:6      | Reached skill level 9 in Staves
  5030 | D:6      | Found a shadowy altar of Dithmenos.
  5119 | D:6      | XOM: god gift: scroll labeled COCLAGROIXYE {god gift}
  5202 | D:7      | XOM: 4-stop teleportation journey
  5231 | D:7      | Noticed Harold
  5232 | D:7      | Noticed Maggie
  5250 | D:7      | HP: 2/57 [Harold/+0 halberd (9)]
  5253 | D:7      | Mangled by Harold

Illustrated notes

Levels and vault maps discovered:
D:1:      wander_arrival_peaceful_grave, layout_loops_cross
D:2:      layout_rooms, good_gods_mini_temple, serial_forest,
          infiniplex_forest_pool, infiniplex_forest_clump_medium,
          infiniplex_forest_zigzag_1, infiniplex_forest_clump_small,
          infiniplex_forest_split, infiniplex_forest_zigzag_1,
          infiniplex_forest_clump_double, infiniplex_forest_lined_ring
D:3:      layout_loops_cross, marbit_many_paths, nicolae_ashenzari_panopticon,
          tgw_sif, uniq_crazy_yiuf_cottage
D:4:      layout_layer_cave, okawaru_trees_2, lemuel_crystal_altar
D:5:      black_bear_nest_1, layout_loops_ring, first_ration, feat_on_display
D:6:      layout_cave_pools, overflow_temple_1_default, fedhas_altar_2,
          serial_shops, nicolae_shop_waterfront, uniq_prince_ribbit1
D:7:      layout_cave_pools, minmay_temple_entry_arrows, uniq_maggie,
          uniq_harold

Skill      XL: |  1  2  3  4  5  6  7  8  9 |
---------------+----------------------------+-----
Maces & Flails | 2 |  2.4
Armour         | 3 5 6 |  6.9
Staves         | 1 5 7 9 |  9.6
Dodging        | 2 |  2.0
Fighting       | |  3.4
Axes           | |  3.7

Action                   |  1- 3 |  4- 6 |  7- 9 || total
-------------------------+-------+-------+-------++-------
Melee: Hand axe          |    80 |       |       ||    80
       Great mace        |    53 |    34 |       ||    87
       Headbutt          |       |    17 |    29 ||    46
       Quarterstaff      |       |    80 |   167 ||   247
  Use: Potion            |       |     5 |     2 ||     7
       Scroll            |       |     6 |     6 ||    12
 Stab: Paralysed         |       |     1 |     6 ||     7
  Eat: Chunk             |     2 |     2 |     7 ||    11
       Ration            |       |     1 |       ||     1
Armor: Leather armour    |    22 |       |       ||    22
       Chain mail        |    27 |   110 |   102 ||   239
Dodge: Dodged            |    46 |    45 |    63 ||   154
Block: Kite shield       |    11 |       |       ||    11
